 Dungeon Crawl Stone Soup version 0.26-b1-32-g5d43845318 (webtiles) character file.

Game seed: 14995118160295908429

88 Arthanis the Firebug (level 4, -3/24 HPs)
             Began as a Deep Elf Fire Elementalist on Jan 11, 2021.
             Slain by an iron imp (6 damage)
             ... summoned by Natasha
             ... on level 2 of the Dungeon.
             The game lasted 00:02:18 (2032 turns).

Arthanis the Firebug (Deep Elf Fire Elementalist)   Turns: 2032, Time: 00:02:19

Health: -3/24      AC:  3    Str:  5    XL:     4   Next: 30%
Magic:  7/12       EV: 13    Int: 21    God:
Gold:   120        SH:  0    Dex: 15    Spells: 7/11 levels left

rFire    + . .     SeeInvis .   g - +1 whip (drain)
rCold    + . .     Faith    .   (no shield)
rNeg     . . .     Spirit   .   a - +0 robe
rPois    .         Reflect  .   (no helmet)
rElec    .         Harm     .   f - scarf {rC+ rF+}
rCorr    .         Rampage  .   (no gloves)
Will     .....                  c - +0 pair of boots
Stlth    ++........             (no amulet)
HPRegen  0.08/turn              (no ring)
MPRegen  0.13/turn              (no ring)

@: slowed, very slow
A: no striking features
a: no special abilities


You were on level 2 of the Dungeon.
You visited 1 branch of the dungeon, and saw 2 of its levels.

You collected 120 gold pieces.

Inventory:

Hand Weapons
 g - a +1 whip of draining (weapon)
Armour
 a - a +0 robe (worn)
 c - a +0 pair of boots (worn)
 f - a scarf of resistance (worn)
 j - a scarf of invisibility
Scrolls
 d - a scroll of fog {unknown}
 e - a scroll of immolation {unknown}
 h - a scroll of remove curse {unknown}
 i - 2 scrolls of identify {unknown}
 k - 2 scrolls of enchant armour {unknown}
 n - a scroll of blinking {unknown}
Potions
 b - 2 potions of lignification {unknown}
 l - a potion of mutation {unknown}
 m - 2 potions of curing {unknown}


   Skills:
 - Level 2.4 Dodging
 - Level 2.4 Stealth
 + Level 4.0 Spellcasting
 + Level 2.4 Conjurations
 * Level 4.7 Fire Magic


You had 7 spell levels left.
You knew the following spells:

 Your Spells              Type           Power        Failure   Level
a - Foxfire               Conj/Fire      76%          2%          1
b - Conjure Flame         Conj/Fire      19%          9%          3

Your spell library contained the following spells:

 Spells                   Type           Power        Failure   Level
 Inner Flame              Hex/Fire       14%          14%         3
 Sticky Flame             Conj/Fire      19%          28%         4
 Fireball                 Conj/Fire      9%           61%         5


Dungeon Overview and Level Annotations

Branches:
Dungeon (2/15)

Altars:
The Shining One

Annotations:
D:2 Natasha


Message History

The foxfire hits Natasha.
Natasha is heavily wounded.
The foxfire hits the iron imp.
The iron imp completely resists.
Casting: Foxfire (safe; 2% risk of failure)
Confirm with . or Enter, or press ? or * to list all spells.
You conjure some foxfire!
Natasha claws you.
Casting: Foxfire (safe; 2% risk of failure)
Confirm with . or Enter, or press ? or * to list all spells.
Nothing appears to happen.
The foxfire hits Natasha.
Natasha is severely wounded.
The foxfire hits Natasha.
Natasha is almost dead.
Natasha misses you. The iron imp hits you!
* * * LOW HITPOINT WARNING * * *
Natasha completely misses you.
Your magical contamination has completely faded away.
Casting: Foxfire (safe; 2% risk of failure)
Confirm with . or Enter, or press ? or * to list all spells.
You conjure some foxfire!
The iron imp hits you.
You die...

#...###
#.#
##....#
#)# #.##.#
#.# ##.# #
#.# ...#
#.# .####
#.# ....#
#.# ....#
...####v#
....#
#....h@#
....#
#####v5#
#......
.....
######..
#..$..= .#
# #....[..
.##
#..)...).
..#
#........#
..###
>#########
....####


You could see an iron imp (summoned) and Natasha.

Vanquished Creatures
  5 adders (D:2)
  A ball python (D:2)
  2 bats (D:1)
  2 giant cockroaches (D:1)
  10 goblins
  6 hobgoblins (D:1)
  A quokka (D:2)
  4 frilled lizards
  5 kobolds
  8 rats
44 creatures vanquished.

Vanquished Creatures (others)
  167 foxfires
167 creatures vanquished.

Grand Total: 211 creatures vanquished

Notes
Turn   | Place    | Note
-------+----------+-------------------------------------------
     0 | D:1      | Arthanis the Deep Elf Fire Elementalist began the quest for
                  | the Orb.
     0 | D:1      | Reached XP level 1. HP: 10/10 MP: 6/6
   208 | D:1      | Reached XP level 2. HP: 15/15 MP: 2/8
   965 | D:1      | Reached XP level 3. HP: 19/19 MP: 6/10
  1393 | D:1      | Learned a level 3 spell: Conjure Flame
  1584 | D:2      | Found a glowing golden altar of the Shining One.
  1725 | D:2      | Reached XP level 4. HP: 24/24 MP: 5/11
  2025 | D:2      | Noticed Natasha
  2032 | D:2      | Slain by an iron imp

Illustrated notes

Levels and vault maps discovered:
D:1:      heliophobic_arrival_glass_houses, layout_basic
D:2:      layout_rooms, nicolae_overflow_hidden_temple, tso_metal_star,
          uniq_terence, uniq_natasha

Skill      XL: |  1  2  3  4 |
---------------+-------------+-----
Fire Magic     | 4 |  4.7
Conjurations   | 2 |  2.4
Spellcasting   | 4 |  4.0
Dodging        | |  2.4
Stealth        | |  2.4

Action                   |  1- 3 |  4- 6 || total
-------------------------+-------+-------++-------
Melee: Unarmed           |     2 |       ||     2
       Whip              |     4 |     1 ||     5
 Cast: Foxfire           |    89 |    24 ||   113
 Stab: Sleeping          |     1 |       ||     1
Armor: Robe              |     8 |     1 ||     9
Dodge: Dodged            |    12 |     4 ||    16
